Map: Tours du crépuscule

Players

zidar

  • Race: Zerg Zerg
  • League: Silver
  • Spawn Location: 7:00

Naikinz - Winner!

  • Race: Terran Terran
  • League: Silver
  • Spawn Location: 1:00

VOD

Have the link to the VOD?

Description

Time

  • Played on: Dec. 9, 2015, 2:43 p.m.
  • Length: 10:15
Show
View Real Time Build Order
Export as new Build Order

zidar Zerg 

Build Orders: Hatch First 

Get SALT Encoding   

  12  0:01  Drone  
  13  0:12  Overlord  
  13  0:20  Drone  
  14  0:32  Drone x2  
  14  0:34  Drone  
  17  0:57  Hatchery  
  17  0:58  Drone  
  17  1:13  Spawning Pool  
  17  1:17  Drone  
  17  1:32  Drone  
  18  1:33  Overlord  
  18  1:34  Drone  
  19  1:43  Drone  
  20  1:50  Extractor  
  19  2:01  Hatchery  
  19  2:06  Queen  
  19  2:31  Queen  
  21  2:42  Queen  
  23  2:46  Roach Warren  
  22  2:53  Drone x4  
  22  2:55  Drone  
  27  3:00  Zergling x2  
  28  3:23  Zergling x4  
  28  3:24  Zergling x8  
  34  3:33  Queen  
  36  3:47  Drone x4  
  40  3:57  Metabolic Boost  
  40  4:15  Drone x2  
  42  4:17  Overlord  
  42  4:18  Overlord x3  
  42  4:23  Extractor  
  41  4:31  Evolution Chamber  
  41  4:36  Baneling Nest  
  39  4:43  Drone x6  
  45  4:55  Lair  
  45  4:59  Pneumatized Carapace  
  45  5:29  Roach  
  45  5:30  Roach x7  
  61  5:51  Extractor  
  61  5:53  Extractor  
  61  5:54  Drone x6  
  65  5:57  Overlord x3  
  65  6:22  Baneling  
  65  6:24  Baneling x2  
  65  6:25  Baneling x2  
  65  6:42  Zerg Melee Weapons Level 1  
  62  6:54  Evolution Chamber  
  58  7:39  Drone  
  58  7:40  Drone x14  
  58  7:41  Drone  
  58  7:42  Drone x4  
  58  7:43  Drone x3  
  79  7:57  Spore Crawler  
  78  8:02  Spore Crawler  
  77  8:06  Spore Crawler  
  76  8:18  Zerg Ground Armor Level 1  
  76  8:25  Infestation Pit  
  75  8:29  Ravager x3  
  75  8:30  Ravager  
  79  9:00  Drone x6  
  79  9:01  Hatchery  
  84  9:06  Spire  
  73  9:25  Overseer  
Show
View Real Time Build Order
Export as new Build Order

Naikinz Terran - Winner!

Build Orders:  

Get SALT Encoding   

  12  0:01  SCV  
  13  0:13  SCV  
  14  0:19  Supply Depot  
  14  0:26  SCV  
  15  0:40  SCV  
  16  0:42  Barracks  
  16  0:52  SCV  
  17  1:05  SCV  
  18  1:33  Marine  
  18  1:39  Command Center  
  19  1:41  Orbital Command  
  19  1:43  Supply Depot  
  19  1:47  Refinery  
  19  1:52  Refinery  
  19  2:05  Marine  
  20  2:10  Bunker  
  20  2:17  SCV  
  21  2:34  Barracks Reactor  
  21  2:42  Bunker  
  21  2:53  Factory, SCV  
  22  2:59  Engineering Bay  
  22  3:05  SCV  
  23  3:10  Marine x2  
  25  3:17  SCV  
  26  3:24  Orbital Command  
  25  3:29  SCV  
  26  3:48  Barracks Tech Lab  
  26  3:50  Starport  
  26  3:54  Starport  
  26  4:00  Refinery, SCV x2  
  26  4:02  Armory  
  28  4:12  SCV x2  
  30  4:18  Barracks Tech Lab  
  30  4:19  Hellion x2  
  34  4:31  Missile Turret  
  34  4:33  Armory, SCV x2  
  36  4:45  SCV  
  37  4:56  Terran Ship Weapons Level 1  
  37  5:14  Banshee  
  37  5:15  Banshee  
  37  5:17  Barracks Tech Lab  
  43  5:25  Refinery  
  43  5:30  Hellion  
  45  5:38  Hellion  
  45  5:39  Supply Depot  
  45  5:42  Supply Depot x2  
  47  5:44  Supply Depot  
  47  5:46  SCV x2  
  49  5:56  Hellion  
  51  6:03  Terran Vehicle And Ship Armor Level 1  
  51  6:04  Cloaking Field  
  51  6:12  Fusion Core  
  51  6:18  SCV  
  52  6:19  Starport  
  52  6:21  Barracks Tech Lab  
  56  6:37  Widow Mine x2  
  56  6:42  Banshee  
  56  6:45  Marauder  
  59  7:04  Hyperflight Rotors  
  59  7:06  Widow Mine x2  
  55  7:14  Command Center  
  55  7:16  Banshee x2  
  55  7:22  Terran Ship Weapons Level 2  
  61  7:23  SCV  
  62  7:30  Barracks Reactor  
  62  7:33  SCV  
  67  7:47  Widow Mine x2  
  58  7:52  SCV x2  
  60  8:01  Missile Turret  
  60  8:04  Missile Turret, SCV  
  61  8:06  SCV  
  61  8:07  Sensor Tower  
  62  8:16  SCV  
  63  8:30  Factory  
  63  8:36  Barracks Reactor  
  63  8:39  SCV x2  
  63  8:40  Starport  
  63  8:41  Orbital Command  
  65  8:51  SCV x2  
  65  8:52  Banshee  
  70  9:03  SCV  
Tags
 
Add a new tag
Caveats
  • Supply blocks, unpowered buildings, or Contaminate may cause inaccurate times.
  • Supply counts are checked every 10 seconds.